 Dungeon Crawl Stone Soup version 0.25-a0-1119-g28b6fd0c3b (webtiles) character file.

Game seed: 6863378934526824374, levelgen mode: deterministic

15 Esekla the Magician (level 2, -1/17 HPs)
             Began as an Octopode Wizard on May 17, 2020.
             Slain by an adder (5 damage)
             ... on level 2 of the Dungeon.
             The game lasted 00:03:05 (673 turns).

Esekla the Magician (Octopode Wizard)                Turns: 673, Time: 00:03:06

Health: -1/17      AC:  1    Str:  6    XL:     2   Next: 50%
Magic:  4/6        EV: 13    Int: 20    God:
Gold:   0          SH:  0    Dex: 10    Spells: 5/8 levels left

rFire    . . .     SeeInvis .   d - +0 dagger
rCold    . . .     Gourm    .   (no shield)
rNeg     . . .     Faith    .   a - +0 hat
rPois    .         Spirit   .   (no amulet)
rElec    .         Reflect  .   (no ring)
rCorr    .         Harm     .   (no ring)
MR       .....                  (no ring)
Stlth    +++.......             (no ring)
HPRegen  0.05/turn              (no ring)
MPRegen  0.10/turn              (no ring)
                                (no ring)
                                (no ring)

@: lethally poisoned (-1 -> -13)
A: almost no armour, stealthy swim, amphibious, 8 rings, constrict 8, camouflage
1, gelatinous body 1
a: no special abilities


You were on level 2 of the Dungeon.
You were not hungry.

You visited 1 branch of the dungeon, and saw 3 of its levels.

Inventory:

Hand Weapons
 d - a +0 dagger (weapon)
Armour
 a - a +0 hat (worn)
Scrolls
 e - a scroll of magic mapping {unknown}
 f - 2 scrolls of identify {unknown}
Potions
 b - a potion of magic {unknown}
Comestibles
 c - a ration


   Skills:
 + Level 2.1 Dodging
 + Level 2.8 Stealth
 + Level 3.5 Spellcasting
 + Level 1.1 Conjurations
   Level 1.0 Summonings
 + Level 1.0 Translocations


You had 5 spell levels left.
You knew the following spells:

 Your Spells              Type           Power        Failure   Level  Hunger
a - Magic Dart            Conj           #...         9%          1    None
b - Blink                 Tloc           N/A          14%         2    ##.....

Your spell library contained the following spells:

 Spells                   Type           Power        Failure   Level  Hunger
 Call Imp                 Summ           #.......     14%         2    ##.....
 Slow                     Hex            #.......     21%         2    ##.....
 Conjure Flame            Conj/Fire      #.......     32%         3    ###....
 Mephitic Cloud           Conj/Pois/Air  #.......     34%         3    ###....


Dungeon Overview and Level Annotations

Branches:
Dungeon (3/15)

Altars:
Gozag
Okawaru
Wu Jian


Innate Abilities, Weirdness & Mutations

You cannot wear most types of armour.
You are very stealthy in the water. (Stealth+)
You are amphibious.
You can wear up to eight rings at the same time.
You can use your tentacles to constrict eight enemies at once.
Your skin changes colour to match your surroundings (Stealth+).
Your rubbery body absorbs attacks. (AC +1, EV +1)


Message History

Aim: an adder (lightly wounded)
The magic dart hits the adder.
The adder is moderately wounded.
The adder bites you.
You are poisoned.
The adder poisons you!
You closely miss the adder. Your grab misses the adder.
The adder is moderately wounded.
You feel sick. The adder barely misses you.
You barely miss the adder. Your grab misses the adder.
The adder is moderately wounded.
The adder bites you.
You are lethally poisoned!
The adder poisons you!
You closely miss the adder. You grab the adder.
The adder is moderately wounded.
You constrict the adder.
You feel sick. The adder bites you.
* * * LOW HITPOINT WARNING * * *
The adder bites you.
You die...

##.## #รท.#
##...###..# ..
##.###.##..# .. #.##
##.#..# .# # #.#
#....# .#.# #.##
##.##.# .#.##
##.###.###.## ....#..
#..........####......#
#.#######.....@S.....#
#.# #######....... #..
#...#.# ### #.## .# #


You could see an adder.

Vanquished Creatures
  An adder (D:2)
  An orc (D:2)
  A goblin (D:1)
  2 quokkas (D:2)
5 creatures vanquished.

Notes
Turn   | Place    | Note
-------+----------+-------------------------------------------
     0 | D:1      | Esekla the Octopode Wizard began the quest for the Orb.
     0 | D:1      | Reached XP level 1. HP: 11/11 MP: 4/4
   106 | D:2      | Reached XP level 2. HP: 6/17 MP: 6/6
   327 | D:2      | Found an opulent altar of Gozag.
   332 | D:2      | Found an ornate altar of the Wu Jian Council.
   333 | D:2      | Found an iron altar of Okawaru.
   361 | D:2      | Learned a level 2 spell: Blink
   673 | D:2      | Slain by an adder

Illustrated notes

Levels and vault maps discovered:
D:1:      ncdulo_watergridlock, layout_basic
D:2:      layout_loops_ring, gammafunk_temple_overflow_forgotten, first_ration,
          uniq_sigmund, uniq_natasha
D:3:      layout_basic, grunt_qazlal_clouds, minmay_misc_feat_tiny,
          minmay_quadrilaterals

Action                   || total
-------------------------++-------
Melee: Dagger            ||    17
       Constrict         ||     5
       Tentacles         ||     2
 Cast: Magic Dart        ||    10
Armor: Skin              ||     1
Dodge: Dodged            ||    17

Table legend:
 A = Non-vault XP
 B = Vault XP
 C = Vault XP percentage of total XP
 D = Non-vault monster count
 E = Vault monster count
 F = Vault count percentage of total count
                 A         B        C        D         E       F
            +---------+---------+-------+---------+---------+-------
      Total |      22 |       0 |   0.0 |       5 |       0 |   0.0
            +---------+---------+-------+---------+---------+-------
        D:1 |       2 |       0 |   0.0 |       1 |       0 |   0.0
        D:2 |      20 |       0 |   0.0 |       4 |       0 |   0.0
            +---------+---------+-------+---------+---------+-------
